[Event "Titled Tuesday Blitz February 01 A 2022"]
[White "Aravindh, Chithambaram VR."]
[Black "Garcia Martin, Marta"]
[WhiteFideId "5072786"]
[BlackFideId "32084030"]
[WhiteElo "2561"]
[BlackElo "2102"]
[Result "1-0"]
[Round "07"]
[TimeControl "180+1"]
[Date "2022.02.01"]
[WhiteClock "0:00:36"]
[BlackClock "0:00:11"]

1. b3 b6 2. Bb2 Bb7 3. Nf3 Nf6 4. g3 g6 5. Bg2 Bg7 6. O-O O-O 7. c4 e6 8. Nc3 d5 9. cxd5 exd5 10. e3 c5 11. d4 Nbd7 12. Rc1 a6 13. Ne5 Nxe5 14. dxe5 Ne4 15. f4 Nxc3 16. Rxc3 Qd7 17. Rd3 Rad8 18. Qe2 Qe6 19. Rfd1 Rfe8 20. Qd2 f6 21. Rxd5 Bxd5 22. Bxd5 Rxd5 23. Qxd5 fxe5 24. fxe5 Qxd5 25. Rxd5 Kf7 26. Rd7+ Re7 27. e6+ 1-0


[Site "https://www.chess.com"]

[Event "Titled Tuesday Blitz February 01 A 2022"]
[White "Bacrot, Etienne"]
[Black "Jobava, Baadur"]
[WhiteFideId "605506"]
[BlackFideId "13601520"]
[WhiteElo "2673"]
[BlackElo "2617"]
[Result "1/2-1/2"]
[Round "07"]
[TimeControl "180+1"]
[Date "2022.02.01"]
[WhiteClock "0:02:03"]
[BlackClock "0:02:16"]

1. Nf3 d5 2. g3 c6 3. Bg2 Nf6 4. O-O Bf5 5. d3 e6 6. Nbd2 h6 7. b3 Be7 8. Bb2 O-O 9. c4 Re8 10. Qc2 Bh7 11. Ne5 Nbd7 12. Ndf3 Bf8 13. Rad1 a5 14. a3 Nxe5 15. Nxe5 Nd7 16. Nxd7 Qxd7 17. e4 d4 18. f4 e5 19. f5 Kh8 20. Bf3 b5 21. c5 f6 22. Bh5 Bg8 23. Rb1 Reb8 24. Rbc1 Be7 25. Bg6 Qd8 26. Kg2 Ra7 27. h4 Qf8 28. Kh3 Bf7 29. Bxf7 Qxf7 30. g4 Kg8 31. h5 1/2-1/2


[Site "https://www.chess.com"]

[Event "Titled Tuesday Blitz February 01 A 2022"]
[White "Bashirli, Nail"]
[Black "Kamsky, Gata"]
[WhiteFideId "13406809"]
[BlackFideId "2000024"]
[WhiteElo "2333"]
[BlackElo "2645"]
[Result "0-1"]
[Round "07"]
[TimeControl "180+1"]
[Date "2022.02.01"]
[WhiteClock "0:00:04"]
[BlackClock "0:00:29"]

1. e4 e5 2. Nf3 Nc6 3. Nc3 Nf6 4. Bb5 Bb4 5. O-O O-O 6. d3 Bxc3 7. bxc3 d6 8. Bg5 h6 9. Bh4 Bd7 10. d4 Re8 11. Bd3 Bg4 12. h3 Bxf3 13. Qxf3 exd4 14. cxd4 Nxd4 15. Qd1 g5 16. Bg3 Nxe4 17. Bh2 Qf6 18. f4 Nc3 19. fxg5 Qxg5 20. Qg4 Qxg4 21. hxg4 Nd5 22. Bc4 c6 23. Rad1 Nxc2 24. Bxd5 cxd5 25. Rf6 Ne3 26. Rd4 Re6 27. Rf3 Rc8 28. Bf4 Nxg4 29. Rf1 Rc2 30. Bd2 h5 31. Rxd5 Nf6 32. Rg5+ Kf8 33. Bb4 Ke7 34. Rgf5 b6 35. Be1 Rc1 36. Bd2 Rxf1+ 37. Kxf1 Re5 38. Rf3 Ke6 39. Kg1 Ng4 40. Bc3 Rd5 41. Kf1 Nh2+ 0-1


[Site "https://www.chess.com"]

[Event "Titled Tuesday Blitz February 01 A 2022"]
[White "Bluebaum, Matthias"]
[Black "Jones, Gawain C B"]
[WhiteFideId "24651516"]
[BlackFideId "409561"]
[WhiteElo "2550"]
[BlackElo "2657"]
[Result "1-0"]
[Round "07"]
[TimeControl "180+1"]
[Date "2022.02.01"]
[WhiteClock "0:01:16"]
[BlackClock "0:00:12"]

1. d4 d6 2. Nf3 g6 3. c4 Bg7 4. Nc3 Nd7 5. e4 e5 6. Be2 Ngf6 7. Be3 O-O 8. O-O Qe7 9. Qc2 c6 10. Rad1 h6 11. h3 exd4 12. Nxd4 Nc5 13. f3 Nh5 14. Rfe1 f5 15. b4 f4 16. Bf2 Ne6 17. Nxe6 Bxe6 18. c5 Qg5 19. h4 Qf6 20. Na4 d5 21. exd5 Bxd5 22. Bc4 Ng3 23. Bxg3 fxg3 24. Qe4 Kh7 25. Bxd5 cxd5 26. Qg4 b5 27. cxb6 axb6 28. Re6 Qf7 29. Nxb6 Rxa2 30. Nxd5 Rd8 31. Qe4 Qa7+ 32. Kh1 Rxd5 33. Qxg6+ 1-0


[Site "https://www.chess.com"]

[Event "Titled Tuesday Blitz February 01 A 2022"]
[White "Bortnyk, Olexandr"]
[Black "Hess, Robert"]
[WhiteFideId "14120828"]
[BlackFideId "2022036"]
[WhiteElo "2723"]
[BlackElo "2557"]
[Result "1-0"]
[Round "07"]
[TimeControl "180+1"]
[Date "2022.02.01"]
[WhiteClock "0:00:07"]
[BlackClock "0:00:01"]

1. e4 e5 2. Bc4 Nf6 3. d3 Nc6 4. Nc3 Na5 5. Nge2 Nxc4 6. dxc4 Bc5 7. Qd3 d6 8. h3 a6 9. Bg5 h6 10. Bh4 c6 11. O-O-O g5 12. Bg3 Be6 13. Na4 Nd7 14. Qc3 Qe7 15. Nxc5 Nxc5 16. f3 b5 17. cxb5 axb5 18. a3 Bc4 19. Rhe1 O-O 20. h4 gxh4 21. Bf2 Ne6 22. Ng1 Nf4 23. Nh3 Ne2+ 24. Rxe2 Bxe2 25. Rh1 Qe6 26. Qd2 Bc4 27. Bxh4 f5 28. exf5 Rxf5 29. Nf2 h5 30. g4 Rxf3 31. Qg5+ Kh7 32. Ne4 Qxg4 33. Qe7+ Rf7 34. Ng5+ Kg6 35. Nxf7 Bxf7 36. Qf6+ Kh7 37. Qxf7+ Kh6 38. Qf6+ Kh7 39. Qe7+ Kg6 40. Qxd6+ 1-0


[Site "https://www.chess.com"]

[Event "Titled Tuesday Blitz February 01 A 2022"]
[White "Caruana, Fabiano"]
[Black "Alonso Rosell, Alvar"]
[WhiteFideId "2020009"]
[BlackFideId "2270544"]
[WhiteElo "2744"]
[BlackElo "2518"]
[Result "1-0"]
[Round "07"]
[TimeControl "180+1"]
[Date "2022.02.01"]
[WhiteClock "0:01:03"]
[BlackClock "0:00:02"]

1. e4 e5 2. Bc4 Nc6 3. d3 Nf6 4. Nc3 Na5 5. Qf3 c6 6. Nge2 b5 7. Bb3 d6 8. h3 Be7 9. g4 Nxb3 10. axb3 h5 11. g5 Nd7 12. h4 Nf8 13. Qg3 f5 14. f4 b4 15. Na4 Ng6 16. Be3 fxe4 17. dxe4 exf4 18. Nxf4 Nxf4 19. Bxf4 Bg4 20. Kd2 O-O 21. Rae1 Qd7 22. Kc1 Rf7 23. e5 dxe5 24. Bxe5 Rf3 25. Qg1 Qf5 26. Qd4 Rd8 27. Qc4+ Kh7 28. Bxg7 Bxg5+ 29. hxg5 Qxg5+ 30. Kb1 Kxg7 31. Qxb4 1-0


[Site "https://www.chess.com"]

[Event "Titled Tuesday Blitz February 01 A 2022"]
[White "Corrales Jimenez, Fidel"]
[Black "Madaminov, Mukhiddin"]
[WhiteFideId "3506690"]
[BlackFideId "14210703"]
[WhiteElo "2541"]
[BlackElo "1916"]
[Result "1-0"]
[Round "07"]
[TimeControl "180+1"]
[Date "2022.02.01"]
[WhiteClock "0:02:18"]
[BlackClock "0:00:04"]

1. e4 e5 2. Nf3 Nc6 3. Bb5 a6 4. Ba4 Nf6 5. O-O Nxe4 6. d4 b5 7. Bb3 d5 8. dxe5 Be6 9. c3 Be7 10. Bc2 O-O 11. Qd3 f5 12. exf6 Bxf6 13. Nbd2 Bf5 14. Bb3 Ne7 15. Nxe4 Kh8 16. Nfg5 Bxg5 17. Bxg5 Bxe4 18. Qe3 Nf5 19. Qd2 Qd6 20. f3 Qb6+ 21. Kh1 Nd6 22. Be3 d4 23. Bxd4 c5 24. Be5 Nf7 25. Bxf7 Rxf7 26. fxe4 Re7 27. Qf4 Rae8 28. Qf8+ Rxf8 29. Rxf8# 1-0


[Site "https://www.chess.com"]

[Event "Titled Tuesday Blitz February 01 A 2022"]
[White "Demchenko, Anton"]
[Black "Vokhidov, Shamsiddin"]
[WhiteFideId "4160258"]
[BlackFideId "14204223"]
[WhiteElo "2539"]
[BlackElo "2611"]
[Result "1/2-1/2"]
[Round "07"]
[TimeControl "180+1"]
[Date "2022.02.01"]
[WhiteClock "0:00:07"]
[BlackClock "0:00:08"]

1. e4 c5 2. Nf3 d6 3. d4 cxd4 4. Qxd4 Nc6 5. Qe3 g6 6. h3 Bg7 7. Nc3 Nf6 8. Bc4 O-O 9. O-O b6 10. Rd1 Bb7 11. Qf4 Rc8 12. Bb3 Na5 13. Qh4 Rc5 14. Bg5 Qa8 15. Re1 Re8 16. Rad1 Nxb3 17. cxb3 b5 18. a3 a5 19. Nd2 b4 20. axb4 axb4 21. Na4 Rc2 22. Nb6 Qa6 23. Nbc4 d5 24. exd5 Bxd5 25. Bh6 Qc6 26. Bxg7 Kxg7 27. Ne3 Rxb2 28. Qxb4 Be6 29. Qd4 Ra2 30. Ndc4 Qc7 31. Ra1 Rxa1 32. Rxa1 Rd8 33. Qb2 Rb8 34. Qc3 Rb5 35. Rd1 Qb8 36. Rd3 h5 37. f3 h4 38. Qd4 Rxb3 39. Rxb3 Qxb3 40. Qxh4 Qd3 41. Qf4 Nh5 42. Qe4 Qc3 43. Qe5+ Qxe5 44. Nxe5 Nf4 45. Kf2 f6 46. N5c4 Bd5 47. Nb2 Bc6 48. h4 e5 49. g3 Ne6 50. Nd3 Nd4 51. f4 exf4 52. Nxf4 Kf7 53. Nd3 Ne6 54. Nf4 Nxf4 55. gxf4 Be4 56. Kg3 Kg7 57. Nd1 Kh6 58. Nf2 Bf5 59. Ng4+ Bxg4 60. Kxg4 f5+ 61. Kg3 Kh5 62. Kh3 Kh6 63. Kg3 Kh5 64. Kh3 Kh6 65. Kg3 1/2-1/2


[Site "https://www.chess.com"]

[Event "Titled Tuesday Blitz February 01 A 2022"]
[White "Dobrov, Vladimir"]
[Black "Orozbaev, Eldiar"]
[WhiteFideId "4136594"]
[BlackFideId "13802240"]
[WhiteElo "2614"]
[BlackElo "2050"]
[Result "1/2-1/2"]
[Round "07"]
[TimeControl "180+1"]
[Date "2022.02.01"]
[WhiteClock "0:00:05"]
[BlackClock "0:00:23"]

1. d4 f5 2. e4 fxe4 3. Nc3 Nf6 4. Bg5 g6 5. f3 d5 6. fxe4 Nxe4 7. Nxe4 dxe4 8. Bc4 Bg7 9. Ne2 c5 10. O-O Bf6 11. Bh6 Nc6 12. dxc5 Bg4 13. Qe1 Qc7 14. Rd1 Rd8 15. h3 Bxe2 16. Qxe2 Nd4 17. Qxe4 Qxc5 18. Kh1 Qc6 19. Qxc6+ Nxc6 20. c3 Rxd1 21. Rxd1 g5 22. Be6 Nd8 23. Bd5 Nf7 24. Bxf7+ Kxf7 25. h4 gxh4 26. Be3 a6 27. Rd7 b5 28. Ra7 Rd8 29. Rxa6 Rd1+ 30. Kh2 Rb1 31. Rb6 Rxb2 32. a4 Re2 33. Bd4 e5 34. Bc5 bxa4 35. Ra6 Re4 36. Kh3 Rc4 37. Bb4 e4 38. Kg4 Bxc3 39. Bxc3 Rxc3 40. Rxa4 Rg3+ 41. Kxh4 Re3 42. Kg4 Re1 43. Kf4 e3 44. Re4 e2 45. Kf3 Kf6 46. Kf2 Ra1 47. Rxe2 Kf5 48. Rb2 h5 49. Kg3 Kg5 50. Rb5+ Kg6 51. Rb6+ Kg5 52. Rb3 Ra5 53. Kh3 Re5 54. Rf3 Ra5 55. Rb3 Rd5 56. Rg3+ Kh6 57. Rg8 Rd4 58. g3 Rd1 59. Re8 Kg5 60. Re5+ Kg6 61. Kg2 Rd3 62. Kf2 h4 63. gxh4 Rh3 64. Rg5+ Kh6 65. Rg4 Kh5 66. Rf4 Rxh4 67. Rxh4+ Kxh4 1/2-1/2


[Site "https://www.chess.com"]

[Event "Titled Tuesday Blitz February 01 A 2022"]
[White "Dubov, Daniil"]
[Black "Garriga Cazorla, Pere"]
[WhiteFideId "24126055"]
[BlackFideId "32011601"]
[WhiteElo "2791"]
[BlackElo "2458"]
[Result "0-1"]
[Round "07"]
[TimeControl "180+1"]
[Date "2022.02.01"]
[WhiteClock "0:02:10"]
[BlackClock "0:01:40"]

1. d4 Nf6 2. Bf4 d5 3. e3 c5 4. Nf3 Nc6 5. Nbd2 e6 6. c3 cxd4 7. exd4 Nh5 8. Be3 Bd6 9. Bd3 Nf4 10. Bxf4 Bxf4 11. O-O O-O 12. Qc2 g6 13. h4 Bd7 14. g3 Bh6 15. h5 Rc8 16. Qd1 Bg7 17. Kg2 Qb6 18. Nb3 e5 19. dxe5 Nxe5 20. h6 Bh8 21. Nxe5 Bxe5 22. Re1 Bh8 23. Qg4 Bxg4 0-1


[Site "https://www.chess.com"]

[Event "Titled Tuesday Blitz February 01 A 2022"]
[White "Goryachkina, Aleksandra"]
[Black "Tari, Aryan"]
[WhiteFideId "4147103"]
[BlackFideId "1510045"]
[WhiteElo "2426"]
[BlackElo "2567"]
[Result "0-1"]
[Round "07"]
[TimeControl "180+1"]
[Date "2022.02.01"]
[WhiteClock "0:00:04"]
[BlackClock "0:00:16"]

1. Nf3 c5 2. e4 e6 3. c3 d5 4. exd5 exd5 5. d4 c4 6. b3 cxb3 7. axb3 Bd6 8. Bd3 Ne7 9. O-O O-O 10. h3 Nbc6 11. Re1 h6 12. Ba3 Bf5 13. Bxd6 Qxd6 14. Na3 a6 15. Nc2 Bxd3 16. Qxd3 Ng6 17. g3 Rfe8 18. Re3 Rxe3 19. Qxe3 Nce7 20. Kg2 a5 21. Re1 b5 22. Ne5 a4 23. bxa4 bxa4 24. f4 Nxe5 25. fxe5 Qg6 26. Nb4 a3 27. Qf2 Nc6 28. Nxd5 a2 29. Nf4 Qb1 30. e6 fxe6 31. Nxe6 a1=Q 0-1


[Site "https://www.chess.com"]

[Event "Titled Tuesday Blitz February 01 A 2022"]
[White "Grandelius, Nils"]
[Black "Sadhwani, Raunak"]
[WhiteFideId "1710400"]
[BlackFideId "35093487"]
[WhiteElo "2617"]
[BlackElo "2616"]
[Result "1/2-1/2"]
[Round "07"]
[TimeControl "180+1"]
[Date "2022.02.01"]
[WhiteClock "0:01:43"]
[BlackClock "0:01:49"]

1. Nf3 d5 2. g3 Nc6 3. d4 Bf5 4. c3 e6 5. Bg2 Be7 6. O-O Nf6 7. c4 dxc4 8. Nc3 O-O 9. Qa4 Nd5 10. Qxc4 Nxc3 11. bxc3 Be4 12. Bf4 Qd5 13. Qxd5 Bxd5 14. Bxc7 Rfc8 15. Bf4 Na5 16. Ne5 Bxg2 17. Kxg2 Rxc3 18. Bd2 Ra3 19. Rfc1 Bd6 1/2-1/2


[Site "https://www.chess.com"]

[Event "Titled Tuesday Blitz February 01 A 2022"]
[White "Grischuk, Alexander"]
[Black "Hayrapetyan, Hovik"]
[WhiteFideId "4126025"]
[BlackFideId "13302639"]
[WhiteElo "2762"]
[BlackElo "2352"]
[Result "1-0"]
[Round "07"]
[TimeControl "180+1"]
[Date "2022.02.01"]
[WhiteClock "0:00:33"]
[BlackClock "0:00:04"]

1. e4 g6 2. d4 Bg7 3. Nf3 d6 4. Bd3 Nf6 5. O-O O-O 6. Re1 c5 7. d5 Bg4 8. h3 Bxf3 9. Qxf3 Nfd7 10. Qd1 Na6 11. a4 Nc7 12. Nc3 a6 13. a5 Ne5 14. Bf1 Nb5 15. Bd2 Nd4 16. Na4 Nd7 17. Rb1 e5 18. b4 cxb4 19. Bxb4 Qc7 20. c3 Nb5 21. Bd3 Rfd8 22. Qe2 Na7 23. Rb3 Bf8 24. Reb1 Rab8 25. c4 Nc8 26. Bd2 Nc5 27. Nxc5 dxc5 28. h4 Nd6 29. h5 Rd7 30. Qg4 Qd8 31. g3 Rc7 32. Rb6 Nc8 33. Rxa6 Bd6 34. Bg5 Qd7 35. Qh4 bxa6 36. Rxb8 Rb7 37. Rxb7 Qxb7 38. hxg6 fxg6 39. Qg4 1-0


[Site "https://www.chess.com"]

[Event "Titled Tuesday Blitz February 01 A 2022"]
[White "Kosakowski, Jakub"]
[Black "Wong, Yinn Long"]
[WhiteFideId "1185080"]
[BlackFideId "5707684"]
[WhiteElo "2476"]
[BlackElo "2055"]
[Result "0-1"]
[Round "07"]
[TimeControl "180+1"]
[Date "2022.02.01"]
[WhiteClock "0:00:18"]
[BlackClock "0:00:08"]

1. b4 e5 2. Bb2 Bxb4 3. Bxe5 Nf6 4. e3 O-O 5. Nf3 Re8 6. Bb2 d5 7. Be2 c5 8. O-O Nc6 9. d4 c4 10. h3 h6 11. Ne5 Qc7 12. Nxc6 Qxc6 13. Nc3 Bf5 14. Rb1 Bd6 15. Bf3 b5 16. Ne2 b4 17. Ra1 c3 18. Bc1 Qa4 19. Ng3 Bxc2 20. Qe1 a5 21. Nh5 Nxh5 22. Bxh5 Bd3 23. Be2 Bxe2 24. Qxe2 b3 25. Qd1 b2 26. Qxa4 bxa1=Q 27. Qc6 Bf8 28. Qxd5 Qb1 29. Ba3 Qd3 30. Bc5 Bxc5 31. Qxc5 Rec8 0-1


[Site "https://www.chess.com"]

[Event "Titled Tuesday Blitz February 01 A 2022"]
[White "Kosteniuk, Alexandra"]
[Black "Svane, Frederik"]
[WhiteFideId "4128125"]
[BlackFideId "12923044"]
[WhiteElo "2469"]
[BlackElo "2459"]
[Result "1-0"]
[Round "07"]
[TimeControl "180+1"]
[Date "2022.02.01"]
[WhiteClock "0:01:34"]
[BlackClock "0:00:46"]

1. c4 Nf6 2. Nc3 e6 3. e4 d5 4. e5 d4 5. exf6 dxc3 6. bxc3 Qxf6 7. Bd3 Bd6 8. Ne2 O-O 9. Qc2 h6 10. O-O Nd7 11. Ng3 Qe7 12. Bh7+ Kh8 13. d4 Nf6 14. Bd3 b6 15. Re1 Bb7 16. Nf5 Qd7 17. Nxg7 Kxg7 18. Bxh6+ Kxh6 19. Qd2+ Kh5 20. Re3 Bf4 21. Rh3+ Kg5 22. Rg3+ Ng4 23. h4+ Kh5 24. Qxf4 Rg8 25. f3 f5 26. fxg4+ fxg4 27. Re1 Raf8 28. Re5+ Kxh4 29. Qh6+ Kxg3 30. Qh2# 1-0


[Site "https://www.chess.com"]

[Event "Titled Tuesday Blitz February 01 A 2022"]
[White "Kravtsiv, Martyn"]
[Black "Hansen, Eric"]
[WhiteFideId "14113147"]
[BlackFideId "2606771"]
[WhiteElo "2694"]
[BlackElo "2568"]
[Result "0-1"]
[Round "07"]
[TimeControl "180+1"]
[Date "2022.02.01"]
[WhiteClock "0:00:02"]
[BlackClock "0:00:04"]

1. e4 e5 2. Nf3 Nc6 3. Nc3 Nf6 4. a4 Be7 5. Bc4 O-O 6. d3 d6 7. O-O Be6 8. a5 a6 9. h3 Re8 10. Re1 Bf8 11. Bg5 h6 12. Bxf6 Qxf6 13. Nd5 Qd8 14. Qd2 Nb8 15. d4 Nd7 16. Rad1 c6 17. Ne3 exd4 18. Nxd4 Bxc4 19. Nxc4 Nf6 20. Nb6 Rb8 21. Qf4 Nd7 22. Nxd7 Qxd7 23. Re3 g6 24. c4 Rbd8 25. Nf3 Qe6 26. b3 Bg7 27. Red3 Qxe4 28. Qxe4 Rxe4 29. Rxd6 Rxd6 30. Rxd6 Re7 31. Rd3 Bb2 32. b4 Kg7 33. Kf1 Re4 34. Nd2 Re7 35. Nb3 Ba3 36. b5 axb5 37. cxb5 cxb5 38. Rd5 b4 39. g4 Bb2 40. Rb5 Bc3 41. Nc5 Re5 42. f4 Rd5 43. Ke2 Bd4 44. Rxb4 Bxc5 45. Rb5 Kf6 46. Rxb7 Rd6 47. Rb5 Bg1 48. Kf3 Ke6 49. f5+ gxf5 50. Rxf5 Rd5 51. Rxd5 Kxd5 52. Kf4 Ke6 53. Ke4 Kf6 54. a6 Kg5 55. Ke5 Kh4 56. Kf6 Kxh3 57. g5 Bd4+ 58. Kf5 h5 59. Ke4 Ba7 60. Kf3 Kh4 61. Kf4 Kh3 62. Kf3 h4 63. Kf4 Kg2 0-1


[Site "https://www.chess.com"]

[Event "Titled Tuesday Blitz February 01 A 2022"]
[White "Le, Tuan Minh"]
[Black "Lenderman, Aleksandr"]
[WhiteFideId "12401153"]
[BlackFideId "2021285"]
[WhiteElo "2450"]
[BlackElo "2651"]
[Result "1-0"]
[Round "07"]
[TimeControl "180+1"]
[Date "2022.02.01"]
[WhiteClock "0:00:08"]
[BlackClock "0:00:04"]

1. d4 d5 2. Nf3 c5 3. c3 Nc6 4. Bf4 cxd4 5. cxd4 Nf6 6. Nc3 a6 7. e3 Bg4 8. Rc1 Rc8 9. Be2 e6 10. Nd2 Bxe2 11. Nxe2 Qa5 12. a3 Ne4 13. f3 Nxd2 14. Qxd2 Qxd2+ 15. Kxd2 Kd7 16. Nc3 b5 17. Ne2 Be7 18. Kd3 Na5 19. e4 b4 20. axb4 Bxb4 21. Ra1 Nc4 22. Rhb1 a5 23. b3 Nb6 24. Bd2 Ra8 25. Rc1 Bxd2 26. Kxd2 a4 27. bxa4 Rxa4 28. Rxa4 Nxa4 29. exd5 exd5 30. Ra1 Nb6 31. Ra7+ Ke6 32. Nf4+ Kd6 33. Rxf7 Nc4+ 34. Kd3 g6 35. Rf6+ Kd7 36. Nxd5 Nd6 37. h4 Rb8 38. h5 gxh5 39. Rh6 Rb2 40. Rxh7+ Kc6 41. Nf4 Rb3+ 42. Kc2 Rb4 43. Kc3 Rc4+ 44. Kd3 Ra4 45. Rxh5 Ra3+ 46. Kc2 Nb5 47. Rh6+ Kd7 48. d5 Nd4+ 49. Kd2 Nf5 50. Rf6 Nd6 51. Rg6 Nc4+ 52. Ke2 Ra2+ 53. Ke1 Ne3 54. g4 Ra4 55. Nd3 Ra1+ 56. Kf2 Nxd5 57. Nc5+ Ke7 58. Re6+ Kf7 59. Re5 Nf4 60. Kg3 Ng6 61. Rf5+ Kg8 62. Ne6 Rg1+ 63. Kf2 Ra1 64. Rf6 Ra2+ 65. Kg3 Ne7 66. Rf8+ Kh7 67. Rf7+ 1-0


[Site "https://www.chess.com"]

[Event "Titled Tuesday Blitz February 01 A 2022"]
[White "Martinez Alcantara, Jose Eduardo"]
[Black "Andreikin, Dmitry"]
[WhiteFideId "3805662"]
[BlackFideId "4158814"]
[WhiteElo "2690"]
[BlackElo "2736"]
[Result "1-0"]
[Round "07"]
[TimeControl "180+1"]
[Date "2022.02.01"]
[WhiteClock "0:00:07"]
[BlackClock "0:00:01"]

1. e4 e5 2. Nf3 Nc6 3. Bb5 Nf6 4. d3 Bc5 5. O-O Nd4 6. Be3 O-O 7. Bxd4 exd4 8. c3 dxc3 9. bxc3 c6 10. Ba4 d5 11. e5 Nh5 12. d4 Bb6 13. Bc2 Bc7 14. g3 Bg4 15. Nbd2 f6 16. h3 Bxf3 17. Nxf3 g6 18. Re1 fxe5 19. Nxe5 Qg5 20. h4 Qf6 21. Ng4 Qd6 22. Re5 Nf6 23. Rg5 Kh8 24. Ne5 Ne4 25. Bxe4 dxe4 26. Qg4 Qf6 27. Rf1 Bxe5 28. Rxe5 Qf3 29. Qxe4 Qxe4 30. Rxe4 Rae8 31. Rfe1 Rxe4 32. Rxe4 Rf7 33. Kf1 Kg7 34. Ke2 Kf8 35. f4 Rd7 36. c4 Kf7 37. Kd3 b5 38. Re5 a6 39. h5 Rd6 40. hxg6+ Rxg6 41. Re3 h5 42. Kc3 a5 43. a3 Rg4 44. d5 cxd5 45. cxb5 h4 46. gxh4 Rxf4 47. Rd3 Ke6 48. Rh3 Kd6 49. h5 Kc5 50. h6 1-0


[Site "https://www.chess.com"]

[Event "Titled Tuesday Blitz February 01 A 2022"]
[White "Mladenovic, Stefan"]
[Black "Visakh N R"]
[WhiteFideId "942227"]
[BlackFideId "25012223"]
[WhiteElo "2355"]
[BlackElo "2454"]
[Result "1-0"]
[Round "07"]
[TimeControl "180+1"]
[Date "2022.02.01"]
[WhiteClock "0:02:16"]
[BlackClock "0:01:09"]

1. d4 Nf6 2. Nf3 c5 3. d5 e6 4. c4 exd5 5. cxd5 d6 6. Nc3 g6 7. h3 Bg7 8. Bf4 O-O 9. e3 b6 10. Be2 Ba6 11. O-O Re8 12. Nd2 Bxe2 13. Qxe2 a6 14. a4 Nh5 15. Bh2 f5 16. Nc4 f4 17. Qf3 Ra7 18. exf4 Rf7 19. Ne4 Bf8 20. Ng5 Qxg5 21. fxg5 Rxf3 22. gxf3 Nd7 23. Rfe1 Re7 24. Nxd6 Rg7 25. Re8 1-0


[Site "https://www.chess.com"]

[Event "Titled Tuesday Blitz February 01 A 2022"]
[White "Narayanan.S.L"]
[Black "Shyaamnikhil P"]
[WhiteFideId "5058422"]
[BlackFideId "5024218"]
[WhiteElo "2494"]
[BlackElo "2292"]
[Result "1-0"]
[Round "07"]
[TimeControl "180+1"]
[Date "2022.02.01"]
[WhiteClock "0:00:24"]
[BlackClock "0:00:12"]

1. Nf3 Nf6 2. c4 c5 3. d4 cxd4 4. Nxd4 Nc6 5. Nc3 e6 6. g3 Qb6 7. Nb3 Ne5 8. c5 Bxc5 9. Nxc5 Qxc5 10. Bg2 d5 11. O-O O-O 12. Bg5 h6 13. Bxf6 gxf6 14. Rc1 Qb4 15. Rc2 Bd7 16. Qc1 Kg7 17. Rd1 Rfc8 18. e3 Qg4 19. h3 Qg6 20. e4 dxe4 21. Bxe4 Qh5 22. Ne2 Rxc2 23. Qxc2 Rc8 24. Nf4 Nf3+ 25. Kg2 Qe5 26. Qe2 Nd4 27. Qd3 Bc6 28. Bxc6 Nxc6 29. Qf3 Rd8 30. Nh5+ Kg6 31. Nf4+ Kg7 32. Nh5+ Kg6 33. Rxd8 Nxd8 34. Qg4+ Qg5 35. Nf4+ Kg7 36. Qd1 Nc6 37. Qd7 Qe5 38. Qxb7 Qe4+ 39. Kh2 Nd4 40. Qxe4 1-0


[Site "https://www.chess.com"]

[Event "Titled Tuesday Blitz February 01 A 2022"]
[White "Nazari, Arad"]
[Black "Deac, Bogdan-Daniel"]
[WhiteFideId "12577324"]
[BlackFideId "1226380"]
[WhiteElo "2120"]
[BlackElo "2646"]
[Result "0-1"]
[Round "07"]
[TimeControl "180+1"]
[Date "2022.02.01"]
[WhiteClock "0:00:02"]
[BlackClock "0:00:06"]

1. e4 c5 2. Nf3 Nc6 3. Bb5 g6 4. O-O Bg7 5. Bxc6 dxc6 6. d3 e5 7. Be3 b6 8. a3 a5 9. Qd2 Bg4 10. Ne1 Nf6 11. h3 Be6 12. Bh6 O-O 13. Bxg7 Kxg7 14. Nf3 Qd6 15. Qc3 Nd7 16. Nbd2 f6 17. Nc4 Qe7 18. Ne3 a4 19. Rae1 b5 20. Qd2 Qd6 21. Ng4 Rad8 22. Qh6+ Kg8 23. Nh4 Qe7 24. f4 Bxg4 25. hxg4 exf4 26. Rxf4 Ne5 27. Nf3 c4 28. Rf1 Nf7 29. Qh2 cxd3 30. cxd3 Rxd3 31. Ne1 Rd6 32. Qg3 Ng5 33. Qe3 Re6 34. Nf3 Rxe4 35. Rxe4 Qxe4 36. Qxe4 Nxe4 37. Rc1 c5 38. Re1 Nd6 39. Nd2 Kf7 40. Rc1 Rc8 41. Nb1 b4 42. Nd2 Ke6 43. Kf2 bxa3 44. bxa3 c4 45. Nb1 Nb5 46. Re1+ Kd6 47. Rd1+ Kc5 48. Nd2 c3 49. Ne4+ Kb6 50. Rb1 c2 51. Rc1 Nd4 52. Nd6 Rc6 0-1


[Site "https://www.chess.com"]

[Event "Titled Tuesday Blitz February 01 A 2022"]
[White "Nitin, S."]
[Black "Nesterov, Arseniy"]
[WhiteFideId "5018277"]
[BlackFideId "24198455"]
[WhiteElo "2417"]
[BlackElo "2489"]
[Result "0-1"]
[Round "07"]
[TimeControl "180+1"]
[Date "2022.02.01"]
[WhiteClock "0:00:43"]
[BlackClock "0:00:54"]

1. e4 e5 2. Nf3 Nc6 3. Nc3 Nf6 4. Bb5 Bd6 5. d3 O-O 6. a3 Nd4 7. O-O Nxf3+ 8. Qxf3 c6 9. Bc4 h6 10. Qg3 Kh8 11. Bb3 Bc7 12. f4 Nh5 13. Qf3 Nxf4 14. Bxf4 exf4 15. Ne2 g5 16. Qh5 Qf6 17. g3 d5 18. gxf4 gxf4 19. Kh1 dxe4 20. dxe4 Be6 21. Rf3 Rg8 22. Bxe6 fxe6 23. Raf1 Rg5 24. Qh3 Rag8 25. c3 Kh7 26. Nd4 Qg6 27. Ne2 Qxe4 28. Ng3 fxg3 0-1


[Site "https://www.chess.com"]

[Event "Titled Tuesday Blitz February 01 A 2022"]
[White "Nogerbek, Kazybek"]
[Black "Kislinsky, Alexey"]
[WhiteFideId "13710427"]
[BlackFideId "14108801"]
[WhiteElo "2478"]
[BlackElo "2335"]
[Result "1-0"]
[Round "07"]
[TimeControl "180+1"]
[Date "2022.02.01"]
[WhiteClock "0:01:18"]
[BlackClock "0:00:08"]

1. c4 g6 2. Nc3 Bg7 3. g3 e5 4. Bg2 d6 5. Nf3 Nc6 6. O-O h6 7. e3 Bd7 8. d4 Qc8 9. c5 Nf6 10. cxd6 cxd6 11. Nb5 O-O 12. Nxd6 Qb8 13. dxe5 Ng4 14. Bd2 Ngxe5 15. Nxe5 Bxe5 16. Nc4 Bg7 17. Bc3 Bxc3 18. Qxd7 Rd8 19. Qg4 Bg7 20. Bxc6 bxc6 21. Rad1 Qb4 22. b3 a5 23. Rxd8+ Rxd8 24. Rd1 Rd5 25. Rc1 Rc5 26. Qd7 a4 27. Qe8+ Bf8 28. Rd1 axb3 29. axb3 Qxb3 30. Rd8 Qb1+ 31. Kg2 Qe4+ 32. Qxe4 1-0


[Site "https://www.chess.com"]

[Event "Titled Tuesday Blitz February 01 A 2022"]
[White "Pakleza, Zbigniew"]
[Black "Khumalo, Keith"]
[WhiteFideId "1119290"]
[BlackFideId "14319470"]
[WhiteElo "2467"]
[BlackElo "1992"]
[Result "1-0"]
[Round "07"]
[TimeControl "180+1"]
[Date "2022.02.01"]
[WhiteClock "0:00:41"]
[BlackClock "0:02:07"]

1. d4 Nf6 2. Nf3 d5 3. Bf4 g6 4. e3 Bg7 5. Nbd2 O-O 6. Be2 c5 7. c3 Nc6 8. O-O Nd7 9. Bg3 e5 10. Nb3 e4 11. Ne1 cxd4 12. Nxd4 Nde5 13. Nec2 h5 14. h3 Qe7 15. Rc1 Rd8 16. a3 f5 17. Nb4 g5 18. Nbxc6 bxc6 19. Bxe5 Qxe5 20. Nxc6 Qd6 21. Nxd8 Qxd8 22. Bxh5 g4 23. hxg4 f4 24. exf4 Bb7 25. g5 Qd6 26. g3 Qb6 27. b4 e3 28. Bf3 exf2+ 29. Kg2 d4 30. cxd4 Rd8 31. Bxb7 Qxb7+ 32. Qf3 Qxf3+ 33. Kxf3 Rxd4 34. Rxf2 Rd3+ 35. Kg4 Rxa3 36. Rc8+ 1-0


[Site "https://www.chess.com"]